 Dungeon Crawl Stone Soup version 0.17-a0-129-g9432df0 (webtiles) character file.

158 PolkaDot the Ruffian (level 5, 0/44 HPs)
             Began as a Draconian Transmuter on Mar 24, 2015.
             Was an Initiate of Qazlal.
             Succumbed to poison (a potion of poison)
             ... on level 3 of the Dungeon.
             The game lasted 00:03:10 (1926 turns).

PolkaDot the Ruffian (Draconian Transmuter)         Turns: 1926, Time: 00:03:10

Health: 0/44       AC:  5    Str: 12    XL:     5   Next: 16%
Magic:  9/9        EV: 18    Int: 15    God:    Qazlal [......]
Gold:   102        SH:  0    Dex: 16    Spells: 1 memorised, 7 levels left

rFire  . . .     SeeInvis .       - Unarmed
rCold  . . .     Clarity  .     (armour unavailable)
rNeg   . . .     SustAb   .     (no shield)
rPois  .         Gourm    .     (helmet restricted)
rElec  .         Spirit   .     (no cloak)
rCorr  .         Warding  .     (no gloves)
rMut   .         Stasis   .     (no boots)
MR     .....                    (no amulet)
Stlth  ++........               (no ring)
                                (no ring)

@: agile, lethally poisoned (0 -> -14), very slightly contaminated, hasted, very
quick, not resistant to hostile enchantments, unstealthy
A: unfitting armour, cold-blooded, AC +5
a: Renounce Religion


You were on level 3 of the Dungeon.
You worshipped Qazlal.
Qazlal was noncommittal.
You were very hungry.

You visited 1 branch of the dungeon, and saw 3 of its levels.

You collected 102 gold pieces.

Inventory:

Missiles
 b - 12 arrows
 q - 11 arrows of dispersal
Jewellery
 e - an uncursed ring of protection from magic {unknown}
Scrolls
 c - a scroll of recharging {unknown}
 f - 2 scrolls of teleportation {unknown}
 i - 2 scrolls of identify {unknown}
 j - 4 scrolls of remove curse {unknown}
 k - a scroll of random uselessness {unknown}
 l - a scroll of fear {unknown}
 o - a scroll of magic mapping {unknown}
 p - a scroll of amnesia {unknown}
 r - a scroll of enchant weapon {unknown}
Potions
 s - a potion of haste
Books
 d - a book of Changes

   Spells                             Type                      Level
   a - Beastly Appendage              Transmutation                1
   b - Sticks to Snakes               Transmutation                2
   c - Spider Form                    Transmutation/Poison         3
   d - Ice Form                       Ice/Transmutation            4
   e - Blade Hands                    Transmutation                5
Comestibles
 a - a bread ration
 g - 2 meat rations


   Skills:
 + Level 2.8 Fighting
 + Level 2.8 Dodging
 * Level 4.7 Unarmed Combat
 - Level 2.0 Spellcasting
 - Level 2.0 Transmutations


You had 7 spell levels left.
You knew the following spells:

 Your Spells              Type           Power        Failure   Level  Hunger
a - Beastly Appendage     Trmt           #.....       12%         1    #......


Dungeon Overview and Level Annotations

Branches:
Dungeon (3/15)

Altars:
Ashenzari
Qazlal
Yredelemnul


Innate Abilities, Weirdness & Mutations

Your plain brown scales are hard (AC +5).
Your body does not fit into most forms of armour.
Your cold-blooded metabolism reacts poorly to cold.


Message History

You barely miss the orc.
The orc is severely wounded.
The orc hits you with a hand axe.
* * * LOW HITPOINT WARNING * * *
Drink which item? (? for menu, Esc to quit)
It was a potion of haste.
You feel yourself speed up. The orc completely misses you.
You are very lightly contaminated with residual magic.
Drink which item? (? for menu, Esc to quit)
It was a potion of poison.
That liquid tasted very nasty...
You are lethally poisoned!
* * * LOW HITPOINT WARNING * * *
You feel sick.
Drink which item? (? for menu, Esc to quit)
Okay, then.
Drink which item? (? for menu, Esc to quit)
It was a potion of agility.
You feel agile all of a sudden.
You die...

............##.#.#
.#.#####..#..#.#.#
.#........#..#.#.#
.#..#####.#..#.#.#
.#..#####..#.#.#.#
.#..#..........#.#
.#..#.####.#.###)#
....# #......# #o#
##.#.###...####@#
#.......#.#....#
###.###.._..####
#.#.#.# .......#
####.#.## ....#
###.## ..


You could see an orc.

Vanquished Creatures
  An orc priest (D:3)
  A centaur skeleton (D:3)
  An orc wizard (D:3)
  Jessica (D:2)
  2 adders (D:2)
  A worm (D:2)
  An orc (D:3)
  2 ball pythons
  A giant cockroach (D:1)
  3 goblins
  A hobgoblin (D:1)
  8 bats
  2 giant newts (D:1)
  8 kobolds
  3 rats
36 creatures vanquished.

Notes
Turn   | Place    | Note
--------------------------------------------------------------
     0 | D:1      | PolkaDot, the Draconian Transmuter, began the quest for the Orb.
     0 | D:1      | Reached XP level 1. HP: 16/16 MP: 3/3
   426 | D:1      | Reached XP level 2. HP: 23/23 MP: 4/4
  1055 | D:2      | Reached XP level 3. HP: 20/28 MP: 6/6
  1094 | D:2      | Noticed Jessica
  1097 | D:2      | Killed Jessica
  1097 | D:2      | Reached skill level 4 in Unarmed Combat
  1181 | D:2      | Found a basalt altar of Yredelemnul.
  1206 | D:2      | Found a stormy altar of Qazlal.
  1233 | D:2      | Became a worshipper of Qazlal Stormbringer
  1410 | D:2      | Reached XP level 4. HP: 23/36 MP: 7/7
  1865 | D:3      | Found a shattered altar of Ashenzari.
  1917 | D:3      | Reached XP level 5. HP: 13/44 MP: 9/9
  1922 | D:3      | HP: 1/44 [orc/hand axe (3)]
  1926 | D:3      | Succumbed to poison (a potion of poison)

Action                   |  1- 3 |  4- 6 || total
-------------------------+-------+-------++-------
Melee: Unarmed           |   144 |    55 ||   199
  Use: Potion            |     1 |     4 ||     5
  Eat: Chunk             |       |     2 ||     2
